 Dungeon Crawl Stone Soup version 0.22.1-2-g9c5b331383 (webtiles) character file.

29 Knicklaso the Magician (level 3, -3/26 HPs)
             Began as a Mummy Wizard on Dec 5, 2018.
             Slain by a worm (8 damage)
             ... on level 2 of the Dungeon.
             The game lasted 00:02:18 (992 turns).

Knicklaso the Magician (Mummy Wizard)                Turns: 992, Time: 00:02:18

Health: -3/26      AC:  3    Str: 10    XL:     3   Next: 1%
Magic:  4/8        EV: 12    Int: 18    God:
Gold:   25         SH:  0    Dex: 10    Spells: 7/10 levels left

rFire    x . .     SeeInvis .   j - -1 spear (curse)
rCold    + . .     Gourm    .   (no shield)
rNeg     + + +     Faith    .   a - +0 robe
rPois    ∞         Spirit   .   b - +0 hat
rElec    .         Reflect  .   h - +0 cloak
rCorr    .         Harm     .   (no gloves)
MR       .....                  (no boots)
Stlth    ++........             (no amulet)
HPRegen  0.08/turn              f - ring of positive energy
MPRegen  0.11/turn              (no ring)

@: no status effects
A: no food or potions, fire vulnerability, cold resistance 1, negative energy
resistance 3, torment resistance, unbreathing
a: no special abilities


You were on level 2 of the Dungeon.
You were not hungry.

You visited 1 branch of the dungeon, and saw 2 of its levels.

You collected 25 gold pieces.

Inventory:

Hand Weapons
 j - a cursed -1 spear (weapon)
Armour
 a - a +0 robe (worn)
 b - a +0 hat (worn)
 h - a +0 cloak (worn)
Jewellery
 f - a ring of positive energy (left hand)
Scrolls
 c - a scroll of magic mapping {unknown}
 d - a scroll of teleportation {unknown}
 e - 3 scrolls of identify {unknown}
 i - a scroll of enchant armour {unknown}


   Skills:
 + Level 1.1 Fighting
 - Level 1.5 Dodging
 - Level 1.5 Stealth
 + Level 4.3 Spellcasting
 * Level 1.8 Conjurations
 - Level 0.7 Summonings
   Level 0.7 Translocations


You had 7 spell levels left.
You knew the following spells:

 Your Spells              Type           Power        Failure   Level  Hunger
a - Magic Dart            Conj           ##..         7%          1    N/A
d - Call Imp              Summ           #.......     16%         2    N/A

Your spell library contained the following spells:

 Spells                   Type           Power        Failure   Level  Hunger
 Blink                    Tloc           N/A          16%         2    N/A
 Slow                     Hex            #.......     22%         2    N/A
 Conjure Flame            Conj/Fire      #.......     30%         3    N/A
 Mephitic Cloud           Conj/Pois/Air  #.......     32%         3    N/A

Dungeon Overview and Level Annotations

Branches:
Dungeon (2/15)

Altars:


Innate Abilities, Weirdness & Mutations

You do not eat or drink.
Your flesh is vulnerable to fire.
You are immune to poison.
Your flesh is cold resistant. (rC+)
You are immune to negative energy. (rN+++)
You are immune to unholy pain and torment.
You can survive without breathing.


Message History

You hit the worm.
The worm is lightly wounded.
You hit the worm.
The worm is moderately wounded.
The worm bites you!
You hit the worm.
The worm is moderately wounded.
You hit the worm.
The worm is heavily wounded.
The worm bites you.
* * * LOW HITPOINT WARNING * * *
Casting: Magic Dart (safe; 7% risk of failure)
Confirm with . or Enter, or press ? or * to list all spells.
Aiming: Magic Dart (safe; 7% risk of failure)
Press: ? - help, Shift-Dir - straight line, f - worm
Aim: a worm (moderately wounded)
The magic dart hits the worm.
The worm is heavily wounded.
The worm bites you!
You die...

######
....##.#.
#.w......
#######@#
.......<#
........#
........#
#######.#
..# ###


You could see a worm.

Vanquished Creatures
  An ooze (D:1)
  2 dart slugs (D:1)
  2 leopard geckos
  A giant cockroach (D:1)
  2 hobgoblins (D:1)
  4 bats (D:1)
  2 goblins (D:1)
  3 kobolds (D:1)
  4 rats (D:1)
21 creatures vanquished.

Notes
Turn   | Place    | Note
-------+----------+-------------------------------------------
     0 | D:1      | Knicklaso the Mummy Wizard began the quest for the Orb.
     0 | D:1      | Reached XP level 1. HP: 13/13 MP: 5/5
    55 | D:1      | Reached skill level 1 in Conjurations
   221 | D:1      | Reached XP level 2. HP: 18/20 MP: 0/7
   618 | D:1      | Learned a level 2 spell: Call Imp
   670 | D:1      | Reached skill level 1 in Fighting
   982 | D:2      | Reached XP level 3. HP: 26/26 MP: 4/8
   992 | D:2      | Slain by a worm

Skill      XL: |  1  2 |
---------------+-------+-----
Conjurations   | 1 |  1.8
Fighting       | 1 |  1.1
Dodging        | |  1.5
Stealth        | |  1.5
Spellcasting   | |  4.3
Summonings     | |  0.7
Translocations | |  0.7

Action                   || total
-------------------------++-------
Melee: Unarmed           ||     1
       Spear             ||     7
 Cast: Magic Dart        ||    58
Armor: Robe              ||     7
Dodge: Dodged            ||    18
